 Dungeon Crawl Stone Soup version 0.32-a0-876-gcfddb08e57 (webtiles) character file.

Game seed: 6062769772982081379

2005357 ragingrage the Shapeless Cat (level 27, 154/154 HPs)
             Began as a Felid Warper on Mar 30, 2024.
             Was an Initiate of Gozag.
             Escaped with the Orb
             ... and 4 runes on Mar 31, 2024!
             The game lasted 02:31:10 (91772 turns).

ragingrage the Shapeless Cat (Felid Warper)        Turns: 91772, Time: 02:31:11

Health: 154/154    AC: 19    Str: 20    XL:     27
Magic:  32/32      EV: 74    Int: 19    God:    Gozag
Gold:   13037      SH:  0    Dex: 29    Spells: 13/37 levels left
                                        Lives:  2   Deaths: 6

rFire   + .          .
                       - Unarmed
rCold   + . .        (shield unavailable)
rNeg    . . .        (body armour unavailable)
rPois   ∞            (helmet unavailable)
rElec   +            (cloak unavailable)
rCorr   +            (gloves unavailable)
SInv    +            (boots unavailable)
Will    +++++        M - amulet "Minnos" {Regen+ Str+5 Dex+5 Slay+3}
Stlth   ++           V - +4 ring of protection
HPRegen 1.25/turn    f - ring "Tyxtied" {rF+ rC+ Will+ Str+2}
MPRegen 0.23/turn

%: no passive effects
@: storm-form, gold aura, flying, bribing [the Dungeon, the Realm of Zot, the
Depths]
A: cleaving, insubstantial, flying, very small, (claws 2), (fangs 3), see
invisible, (shaggy fur 3), (stealthy paws), no weapons or thrown items, no
armour, multi-lived, (horns 1), inability to read after injury 1, noise
suppression
0: Orb of Zot
}: 4/15 runes: barnacled, slimy, silver, gossamer
a: Blinkbolt, Begin Untransformation, Renounce Religion, Potion Petition, Call
Merchant, Bribe Branch


You escaped.
You worshipped Gozag.
Gozag was extremely pleased with you.
You were a lightning-filled tempest!
You visited 12 branches of the dungeon, and saw 54 of its levels.
You also visited: Trove, Sewer, Ossuary and Wizlab.

You collected 34444 gold pieces.
You spent 1370 gold pieces at shops.
You paid 20037 gold pieces to Gozag.

Inventory:

Jewellery
 f - the ring "Tyxtied" (right paw) {rF+ rC+ Will+ Str+2}
   (You acquired it on level 1 of the Lair of Beasts)

   [ring of protection from fire]

   Str+2:     It affects your strength (+2).
   rF+:       It protects you from fire.
   rC+:       It protects you from cold.
   Will+:     It increases your willpower.
 M - the amulet "Minnos" (around neck) {Regen+ Str+5 Dex+5 Slay+3}
   (You took it off a deep elf demonologist on level 3 of the Elven Halls)

   [amulet of regeneration]

   Str+5:     It affects your strength (+5).
   Dex+5:     It affects your dexterity (+5).
   Slay+3:    It affects your accuracy & damage with ranged weapons and melee
   (+3).
   Regen+:    It increases your rate of health regeneration.
 V - a +4 ring of protection (left paw)
Talismans
 b - the storm talisman "Uwahyed" (active) {rCorr Str+2 SInv Stlth-}
   (You found it in a wizard's laboratory)

   [storm talisman]

   Str+2:     It affects your strength (+2).
   SInv:      It lets you see invisible.
   rCorr:     It protects you from acid and corrosion.
   Stlth-:    It makes you less stealthy.
Wands
 l - a wand of warping (68)
 o - a wand of quicksilver (47)
 p - a wand of digging (14)
 u - a wand of mindburst (62)
 B - a wand of flame (155)
 G - a wand of polymorph (51)
 I - a wand of charming (57)
Scrolls
 a - 8 scrolls of blinking
 c - 9 scrolls of noise
 d - 4 scrolls of torment
 i - 17 scrolls of fear
 n - 9 scrolls of fog
 q - 14 scrolls of poison
 r - 12 scrolls of immolation
 v - 21 scrolls of teleportation
 A - 5 scrolls of revelation
 D - 3 scrolls of amnesia
 O - 40 scrolls of identify
 T - 6 scrolls of vulnerability
 U - 3 scrolls of silence
Potions
 e - 4 potions of magic
 g - 11 potions of mutation
 h - 4 potions of brilliance
 j - 7 potions of ambrosia
 k - 26 potions of curing
 m - 13 potions of attraction
 s - 9 potions of heal wounds
 t - 8 potions of invisibility
 x - 10 potions of lignification
 z - 14 potions of haste
 C - 5 potions of might
 E - 7 potions of cancellation
 K - 8 potions of enlightenment
 L - 3 potions of resistance
Miscellaneous
 y - a Gell's gravitambourine (2/2)
 F - a sack of spiders
 N - a tin of tremorstones (2/2)
 P - a phantom mirror
 Q - a lightning rod (4/4)


   Skills:
 + Level 19.1 Fighting
 - Level 23.0 Dodging
 - Level 15.0 Stealth
 - Level 18.0 Unarmed Combat
 - Level 5.6 Spellcasting
 - Level 17.0 Hexes
 - Level 14.0 Necromancy
 - Level 11.0 Translocations
 - Level 4.0 Ice Magic
 - Level 5.6 Air Magic
 - Level 15.3 Evocations
 O Level 27 Shapeshifting


You had 13 spell levels left.
You knew the following spells:

 Your Spells              Type           Power      Damage    Failure   Level
a - Fugue of the Fallen   Necr           55%        N/A       1%          3
b - Death Channel         Necr           27%        N/A       6%          6
c - Blink                 Tloc           94%        N/A       1%          2
e - Ensorcelled Hibernat  Hex/Ice        90%        N/A       1%          2
f - Vhi's Electric Charg  Tloc/Air       72%        N/A       3%          4
g - Enfeeble              Hex            31%        N/A       10%         7

Your spell library contained the following spells:

 Spells                   Type           Power      Damage    Failure   Level
 Jinxbite                 Hex            100%       N/A       0%          2
 Apportation              Tloc           94%        N/A       1%          1
 Necrotise                Necr           100%       1d9       1%          1
 Cigotuvi's Dreadful Rot  Necr/Alch/Air  60%        N/A       1%          2
 Lesser Beckoning         Tloc           94%        N/A       1%          2
 Momentum Strike          Conj/Tloc      52%        3d9       1%          2
 Dazzling Flash           Conj/Hex       74%        N/A       1%          3
 Inner Flame              Hex/Fire       37%        N/A       1%          3
 Sigil of Binding         Hex            63%        N/A       1%          3
 Teleport Other           Tloc           47%        N/A       1%          3
 Tukima's Dance           Hex            63%        N/A       1%          3
 Vampiric Draining        Necr           55%        2d9       1%          3
 Anguish                  Hex/Necr       29%        N/A       1%          4
 Cause Fear               Hex            31%        N/A       1%          4
 Dispel Undead            Necr           55%        3d20      1%          4
 Maxwell's Portable Pile  Tloc           47%        2d(12-24) 1%          4
 Passage of Golubria      Tloc           47%        N/A       1%          4
 Curse of Agony           Necr           55%        N/A       1%          5
 Freeze                   Ice            80%        1d9       2%          1
 Volatile Blastmotes      Fire/Tloc      52%        2d14      3%          3
 Silence                  Hex/Air        24%        N/A       3%          5
 Metabolic Englaciation   Hex/Ice        22%        N/A       4%          5
 Static Discharge         Conj/Air       30%        3-5/arc   5%          2
 Frozen Ramparts          Ice            40%        1d7       7%          3
 Ozocubu's Armour         Ice            20%        N/A       7%          3
 Martyr's Knell           Necr/Summ      31%        N/A       7%          4
 Summon Mana Viper        Hex/Summ       37%        N/A       10%         5
 Yara's Violent Unravell  Hex/Alch       18%        3d9       10%         5
 Foxfire                  Conj/Fire      20%        2x1d5     12%         1
 Magic Dart               Conj           20%        1d4       12%         1
 Sting                    Conj/Alch      20%        1d4       12%         1
 Summon Small Mammal      Summ           20%        N/A       12%         1
 Airstrike                Air            13%        2d(2-18)  12%         4
 Hailstorm                Conj/Ice       12%        3d6       16%         3
 Summon Ice Beast         Ice/Summ       12%        N/A       16%         3
 Call Imp                 Summ           10%        N/A       19%         2
 Scorch                   Fire           10%        2d5       19%         2
 Searing Ray              Conj           10%        2d4       19%         2
 Borgnjor's Vile Clutch   Necr/Erth      15%        N/A       19%         5
 Dispersal                Tloc           23%        N/A       21%         6
 Gell's Gavotte           Tloc           23%        2d(22-32) 21%         6
 Call Canine Familiar     Summ           5%         N/A       34%         3
 Stone Arrow              Conj/Erth      10%        3d7       34%         3
 Summon Forest            Summ/Tloc      13%        N/A       34%         5
 Summon Lightning Spire   Summ/Air       15%        N/A       36%         4
 Discord                  Hex            31%        N/A       58%         8
 Arcjolt                  Conj/Air       7%         1d17      71%         5
 Manifold Assault         Tloc           23%        N/A       73%         7
 Flame Wave               Conj/Fire      5%         2d5       75%         4
 Fulminant Prism          Conj/Alch      2%         3d5       75%         4
 Leda's Liquefaction      Alch/Erth      2%         N/A       75%         4
 Petrify                  Alch/Erth      5%         N/A       75%         4
 Sticky Flame             Fire/Alch      5%         2d4       75%         4
 Summon Blazeheart Golem  Fire/Summ      5%         N/A       75%         4
 Infestation              Necr           27%        N/A       94%         8
 Fireball                 Conj/Fire      2%         3d4       97%         5
 Irradiate                Conj/Alch      2%         3d12      97%         5
 Iskenderun's Battlesphe  Conj           5%         2d6       97%         5
 Lee's Rapid Deconstruct  Erth           2%         3d5*      97%         5
 Conjure Ball Lightning   Conj/Air       7%         3x3d6     99%         6
 Plasma Beam              Fire/Air       7%         2x1d18    99%         6
 Haunt                    Necr/Summ      15%        N/A       99%         7
 Bombard                  Conj/Erth      2%         9d1       100%        6
 Eringya's Noxious Bog    Alch           2%         4d6       100%        6
 Permafrost Eruption      Ice/Erth       6%         2x4d2     100%        6
 Sculpt Simulacrum        Ice/Alch       6%         N/A       100%        6
 Starburst                Conj/Fire      2%         6d3       100%        6
 Summon Cactus Giant      Summ           2%         N/A       100%        6
 Malign Gateway           Summ/Tloc      13%        N/A       100%        7
 Orb of Destruction       Conj           2%         9d5       100%        7
 Ozocubu's Refrigeration  Ice            10%        4d9       100%        7
 Spellforged Servitor     Conj/Summ      2%         N/A       100%        7
 Summon Hydra             Summ           2%         N/A       100%        7
 Disjunction              Tloc           23%        N/A       100%        8
 Lehudib's Crystal Spear  Conj/Erth      2%         10d2      100%        8
 Maxwell's Capacitive Co  Air            13%        ∞         100%        8
 Chain Lightning          Conj/Air       7%         3d10      100%        9
 Dragon's Call            Summ           2%         N/A       100%        9
 Fire Storm               Conj/Fire      2%         8d1       100%        9
 Polar Vortex             Ice            10%        12d1*     100%        9
 Shatter                  Erth           2%         3d6*      100%        9
 Sublimation of Blood     Necr           Unusable   N/A       N/A         2
 Animate Dead             Necr           Unusable   N/A       N/A         4
 Animate Armour           Summ/Erth      Unusable   N/A       N/A         4

Dungeon Overview and Level Annotations

Branches:
Dungeon (15/15)            Temple (1/1) D:5            Lair (5/5) D:9
 Shoals (4/4) Lair:2       Spider (4/4) Lair:2        Slime (5/5) Lair:5
    Orc (2/2) D:9             Elf (3/3) Orc:2        Vaults (5/5) D:13
  Crypt (0/3) Vaults:3     Depths (4/4) D:15           Hell (visited)
    Dis (0/7) Hell            Geh (0/7) Hell            Coc (0/7) Hell
    Tar (0/7) Hell            Zot (5/5) Depths:4      Sewer (visited)
Ossuary (visited)          WizLab (visited)

Altars:
Ashenzari
Cheibriados
Dithmenos
Elyvilon
Fedhas
Gozag
Hepliaklqana
Kikubaaqudgha
Makhleb
Nemelex Xobeh
Okawaru
Qazlal
Ru
Sif Muna
Trog
Uskayaw
Vehumet
Wu Jian
Xom
Yredelemnul
Zin
The Shining One
Beogh

Shops:
D:12 (   D:13 =   D:14 *   Orc:1 =   Orc:2 *![[(   Elf:2 [[((   Vaults:1 !
Vaults:3 [   Vaults:4 [   Depths:1 =:=

Portals:
Hell: Depths:1 Depths:2 Depths:3 Depths:4
Abyss: Depths:3 Depths:4
Pandemonium: Depths:2 Depths:3 Depths:4
Ziggurat: Depths:4

Annotations:
Zot:4 1 runed translucent door, Vyqe's ghost, master MfIE


Innate Abilities, Weirdness & Mutations

You are a lightning-filled tempest!
Your electrical attacks strike out in all directions at once.
You are incredibly evasive.
Your insubstantial body is immune to petrification, constriction, and being set on fire You are flying.
You are immune to poison.
((You have sharp claws.))
((You have razor-sharp teeth.))
You have supernaturally acute eyesight. (SInv)
((Your thick and shaggy fur keeps you warm. (AC +3, rC+)))
((Your paws help you pounce on unaware monsters.))
You are incapable of wielding weapons or throwing items.
You cannot wear armour.
You gain extra lives every three experience levels.
((You have a pair of small horns on your head.))
You occasionally lose the ability to read scrolls when taking damage.
You passively dampen the noise of your surroundings.


Message History

(Z) Zot
Where to? (Tab/Enter - D:1 @ (x,y), ? - help)
Your Orb Guardian grins greedily, jangling a coin purse.
An Orb Guardian comes into view.
There is a radiant altar of Vehumet here.
No target in view!
No target in view!
The hell beast stares, then turns away, jangling a coin purse.
A hell beast comes into view.
The blizzard demon stares, then turns away, jangling a coin purse.
A blizzard demon comes into view.
There is a stone staircase leading up here.
There is a stone staircase leading up here.
You fly upwards.
There is a stone staircase leading down here.
(D) Dungeon (T) Temple (L) Lair (A) Shoals (N) Spider Nest (M) Slime Pits (O) Orcish Mines (E) Elven Halls (V) Vaults (C) Crypt (U) Depths (H) Hell (I) Dis (G) Gehenna (X) Cocytus (Y) Tartarus (Z) Zot
Where to? (Tab/Enter - D:1 @ (x,y), ? - help)
What level of the Dungeon? (default 1, ? - help)
There is a stone staircase leading up here.
You fly upwards.
There is a stone staircase leading down here.
There is a stone staircase leading up here.
You fly upwards.
There is a stone staircase leading down here.
A ynoxinul comes into view.
The ynoxinul bellows!
Your Executioner gestures.
Your Executioner seems to speed up.
You batter the ynoxinul!!
You kill the ynoxinul!
No target in view!
No target in view!
You now have 13037 gold pieces (gained 5).
There is an open door here.
There is a staircase leading out of the dungeon here.
You have escaped!

### #.#.#### ..## #......' #..#
##################.#### ##.#
##..............###.## # #.#
#..####'####....'....#
##.#######.##.......##...###..#
##.......#.##.ß.ß.ß.##...#
#..##
.#######...##.......##.###
#[..## ..# ###..'.ß.v.ß.+..#
#.#... #'### ####..X1...####
#.###. ...÷# #.ß.ß.ß.# #.# ##
....# #.......# #.# ....##
####'#### ### ##.÷.###
#..############### .###...#
##............#..( .# ###.###
#..............## .# #...#
#.............##


You could see a friendly Orb Guardian and a friendly Executioner (fast).

Vanquished Creatures
  the Royal Jelly (Slime:5)
  Dissolution (Slime:2)
  2 dread liches (Depths:2)
  2 ancient liches (Zot:5)
  5 orbs of fire
  A juggernaut (Depths:4)
  Josephina (Depths:2)
  Saint Roka (Depths:2)
  Bai Suzhen (Shoals:3)
  A caustic shrike (Depths:1)
  2 Killer Klowns
  Geryon (Hell)
  The ghost of Wyithres the Warrior, an adept MiFi of Beogh (Depths:1)
  7 golden dragons
  the Enchantress (Depths:1)
  The ghost of jasper the Slayer, an adept OnFi of Okawaru (Vaults:2)
  A mutant beast (WizLab)
  Norris (Elf:1)
  Nikola (Vaults:3)
  A bone dragon (Depths:1)
  3 electric golems
  A hellephant (Hell)
  4 quicksilver dragons
  8 liches
  16 tentacled monstrosities
  A walking crystal tome (Depths:3)
  3 deep elf master archers
  10 Orb Guardians (Zot:5)
  A walking divine tome (Depths:1)
  4 deep elf blademasters
  2 titans
  Polyphemus (Shoals:4)
  An Executioner (D:15)
  29 acid blobs
  3 sphinxes
  A kraken (Shoals:3)
  18 shadow dragons
  2 ancient champions (Hell)
  11 storm dragons
  8 death cobs
  Roxanne (Elf:3)
  9 tengu reavers
  Kirke (D:12)
  5 protean progenitors
  6 rockslimes
  Donald (Elf:2)
  11 azure jellies
  A demonspawn warmonger (Zot:2)
  9 deep elf sorcerers
  6 deep elf elementalists
  3 draconian monks
  9 fire giants
  5 draconian knights
  14 vault wardens
  13 iron dragons
  7 emperor scorpions
  The ghost of Weulukh the Fighter, an adept GrEE of Okawaru (Shoals:2)
  6 frost giants
  5 draconian scorchers
  8 ghost moths
  2 draconian stormcallers (Zot:4)
  5 balrugs
  3 cacodemons
  7 draconian shifters
  2 orc warlords (Vaults:2)
  6 reapers
  2 draconian annihilators
  19 ironbound preservers
  3 spriggan defenders (Depths:1)
  15 stone giants
  A caustic shrike skeleton (Depths:1)
  8 quicksilver oozes
  5 formless jellyfish
  5 broodmothers
  29 very ugly things
  11 ironbound thunderhulks
  12 green draconians
  8 vampire knights
  7 black draconians
  10 purple draconians
  An eleionoma (shapeshifter) (Depths:3)
  A bunyip (Zot:5)
  3 dire elephants
  4 war gargoyles
  9 deep elf annihilators
  9 white draconians
  4 yellow draconians
  4 lorocyprocas
  6 deep elf death magi
  3 minotaurs (Shoals:4)
  5 deep elf demonologists
  12 spark wasps
  12 red draconians
  A spark wasp (shapeshifter) (WizLab)
  5 blizzard demons
  A merfolk javelineer (Shoals:4)
  An eidolon (Depths:1)
  18 fire dragons
  5 merfolk impalers
  3 crystal guardians
  4 deep elf high priests (Elf:3)
  7 entropy weavers
  18 ettins
  8 yaktaur captains
  A spriggan zombie (Hell)
  An entropy weaver (shapeshifter) (D:13)
  3 salamander tyrants (Depths:3)
  28 vault guards
  A peacekeeper (Vaults:1)
  8 hydras
  10 great orbs of eyes
  A hell beast (Depths:1)
  2 ice dragons
  8 ogre magi
  Erica (Lair:1)
  3 ghost crabs (Depths:1)
  2 catoblepae
  4 rakshasas
  2 anacondas (shapeshifter)
  A juggernaut simulacrum (Depths:3)
  3 death knights
  8 spriggan air magi
  7 ironbound frosthearts
  9 radroaches
  19 two-headed ogres
  3 jorogumos
  3 merfolk avatars
  42 dancing weapons
  14 boulder beetles
  3 merfolk aquamancers
  2 two-headed ogres (shapeshifter) (WizLab)
  15 centaur warriors
  5 alligator snapping turtles
  4 deep troll shamans
  7 tengu warriors
  13 death yaks
  10 satyrs
  6 demonic crawlers
  A death yak (shapeshifter) (Depths:3)
  13 deep troll earth magi
  A sphinx skeleton (Depths:1)
  4 spriggan berserkers
  6 hell hogs (Hell)
  A vampire mage (Depths:2)
  4 occultists
  2 orc high priests
  A shock serpent (shapeshifter) (Vaults:5)
  3 sixfirhies (Hell)
  12 sun demons
  7 hell knights
  8 soul eaters
  13 deep elf knights
  9 skysharks
  6 skeletal warriors
  2 skysharks (shapeshifter)
  3 fire crabs
  5 pharaoh ants
  A sea snake (shapeshifter) (WizLab)
  7 sea snakes
  2 iron trolls
  A shadow demon (Depths:4)
  2 quicksilver dragon simulacra (Depths:1)
  2 deep trolls (shapeshifter)
  6 arcanists
  2 flayed ghosts
  44 deep trolls
  9 orb spiders
  4 glowing orange brains
  A glowing orange brain (shapeshifter) (WizLab)
  3 spriggan simulacra
  A death drake (shapeshifter) (Elf:3)
  2 orb spiders (shapeshifter)
  11 large abominations
  2 shadow wraiths (Hell)
  2 sun moths (Depths:1)
  An anaconda skeleton (Hell)
  7 deep elf archers
  7 steelbarb worms
  3 mana vipers (shapeshifter)
  3 phantasmal warriors
  6 thermic dynamos
  6 orc knights
  14 ironbound convokers
  22 deep elf zephyrmancers
  2 orc sorcerers
  2 steelbarb worms (shapeshifter)
  39 ugly things
  4 lindwurms
  A lindwurm (shapeshifter) (Elf:1)
  A wolf spider (shapeshifter) (Vaults:5)
  2 necromancers
  23 deep elf pyromancers
  2 obsidian bats (Orc:1)
  23 harpies
  2 fauns (shapeshifter)
  18 fauns
  2 shining eyes (shapeshifter)
  27 manticores
  A sphinx simulacrum (Depths:2)
  A will-o-the-wisp (Depths:1)
  5 shining eyes
  29 wolf spiders
  A tengu skeleton (Depths:1)
  3 worldbinders (Depths:1)
  4 meliai
  A meliai (shapeshifter) (D:13)
  A human skeleton (Vaults:3)
  25 moths of wrath
  25 cyclopes
  22 vault sentinels
  6 water nymphs
  A kobold blastminer (Orc:2)
  A titan simulacrum (Depths:1)
  17 elephants
  4 torpor snails
  7 merfolk sirens
  6 rust devils
  A naga mage (Depths:1)
  3 smoke demons
  3 black mambas
  An elephant (shapeshifter) (WizLab)
  6 molten gargoyles
  3 orange demons (D:6)
  4 gargoyles
  15 cane toads
  An unseen horror (D:13)
  Jeremiah (D:9)
  A hellion (Depths:2)
  Maggie (D:9)
  An eye of devastation (Slime:5)
  A storm dragon simulacrum (Vaults:4)
  2 cane toads (shapeshifter)
  2 efreet
  2 ice devils (Hell)
  2 yaktaurs (shapeshifter)
  11 rime drakes
  4 tengu conjurers
  7 freezing wraiths
  13 komodo dragons
  2 kobold demonologists
  23 yaktaurs
  A harpy zombie (Hell)
  8 trolls
  4 polar bears
  A queen bee (shapeshifter) (Elf:3)
  A hornet (D:13)
  32 tarantellas
  3 tarantellas (shapeshifter)
  A merfolk (shapeshifter) (Depths:1)
  9 wind drakes
  A raiju (shapeshifter) (D:15)
  2 tyrant leeches (Zot:1)
  5 dream sheep
  15 merfolk
  5 glass eyes
  8 blink frogs
  8 snapping turtles
  A frost giant simulacrum (Depths:2)
  A snapping turtle (shapeshifter) (Vaults:5)
  2 jumping spiders (shapeshifter)
  2 slime creatures (shapeshifter)
  A centaur simulacrum (D:14)
  An ettin skeleton (Vaults:3)
  2 spriggans (Depths:1)
  133 slime creatures
  2 shadows (D:13)
  31 culicivoras
  A vampire (D:13)
  A dire elephant simulacrum (Hell)
  6 small abominations (WizLab)
  2 spriggans (shapeshifter)
  43 jumping spiders
  5 wraiths
  3 air elementals
  2 wyverns
  Eustachio (D:5)
  4 fire elementals
  10 water elementals
  A ynoxinul (D:1)
  19 golden eyes
  54 yaks
  The ghost of Pokonic1 the Trooper, an amateur DsMo (D:3)
  3 steam dragons
  5 vampire mosquitoes
  2 wargs (Orc:1)
  4 basilisks
  An iron golem (WizLab)
  61 redbacks
  Menkaure (D:5)
  A swamp worm (shapeshifter) (WizLab)
  11 water moccasins
  An acid dragon (D:12)
  6 hell hounds (Hell)
  Duvessa (D:6)
  10 orc warriors
  An ice beast (shapeshifter) (Depths:4)
  A sky beast (D:6)
  5 black bears
  30 ogres
  18 wolves
  6 boggarts
  2 laughing skulls
  A wolf (shapeshifter) (D:13)
  10 centaurs
  2 phantoms
  3 kobold brigands
  An elf zombie (Ossuary)
  A scorpion (shapeshifter) (D:14)
  A brain worm (Sewer)
  An earth elemental (Elf:3)
  17 bullfrogs
  2 scorpions
  3 wights (D:7)
  A glowing shapeshifter simulacrum (Depths:2)
  Dowan (D:6)
  A burial acolyte (Ossuary)
  27 killer bees
  11 electric eels
  10 howler monkeys
  A lava snake (Depths:1)
  6 human zombies
  3 gnoll boudas
  3 hounds
  A bombardier beetle (D:3)
  A bullfrog skeleton (D:3)
  2 centaur zombies (D:3)
  11 orc priests
  A sleepcap (D:6)
  11 orc wizards
  Natasha (thrice) (D:3)
  3 iguanas
  A hell rat (Lair:2)
  2 crocodile zombies (Ossuary)
  A hound zombie (Ossuary)
  3 mummies (Ossuary)
  Robin (D:2)
  7 gnolls
  4 adders
  4 ufetubi
  2 adder zombies (Ossuary)
  40 orcs
  7 bats
  5 endoplasms
  7 giant cockroaches
  3 gnoll zombies (Ossuary)
  17 goblins
  7 hobgoblins
  7 jackals
  29 kobolds
  9 quokkas
  5 ball pythons
  6 ball python zombies (Ossuary)
  2 frilled lizards
  3 jackal zombies (Ossuary)
  5 kobold zombies (Ossuary)
  3 orc zombies (Ossuary)
  6 rats
  An aspiring flesh (Zot:5)
2453 creatures vanquished.

Vanquished Creatures (collateral kills)
  An orb of fire (Zot:5)
  A golden dragon (Zot:3)
  An electric golem (Zot:5)
  4 Orb Guardians
  A quicksilver dragon (Zot:5)
  A sphinx (Vaults:5)
  An acid blob (Slime:3)
  A tengu reaver (Vaults:5)
  2 storm dragons (Zot:2)
  A draconian knight (Zot:2)
  A draconian monk (Zot:2)
  A fenstrider witch (shapeshifter) (Depths:3)
  A draconian shifter (Zot:2)
  An iron dragon (Depths:4)
  A ghost moth (Zot:5)
  2 draconian scorchers (Zot:5)
  A cacodemon (Hell)
  A draconian annihilator (Zot:5)
  A reaper (Hell)
  A quicksilver ooze (Slime:1)
  A vampire knight (Hell)
  3 black draconians
  2 stone giants (Vaults:5)
  3 green draconians (Zot:2)
  2 white draconians
  A purple draconian (Zot:5)
  A deep elf annihilator (Vaults:5)
  A deep elf death mage (Vaults:5)
  3 war gargoyles
  A deep elf high priest (Vaults:5)
  3 vault guards
  A sun demon (Hell)
  A soul eater (Hell)
  A shadow demon (Zot:5)
  An orb spider (Spider:4)
  An ironbound convoker (Vaults:5)
  A necromancer (Hell)
  2 shining eyes
  4 moths of wrath
  4 rust devils
  2 eyes of devastation
  A molten gargoyle (Hell)
  An ice devil (Hell)
  A tarantella (Spider:4)
  2 glass eyes
  12 slime creatures
  A golden eye (Slime:1)
  A hell hound (Hell)
  3 orc warriors
  4 ogres
  2 orcs
92 creatures vanquished.

Vanquished Creatures (others)
  4 Orb Guardians (Zot:5)
  A quicksilver dragon (Zot:2)
  A draconian shifter (Zot:5)
  A draconian annihilator (Zot:5)
  A draconian stormcaller (Zot:5)
  A vampire knight (Hell)
  2 green draconians (Zot:5)
  A spark wasp (Spider:4)
  A red draconian (Zot:5)
  A two-headed ogre (Orc:2)
  A deep elf zephyrmancer (Elf:3)
  A moth of wrath (Zot:2)
  A freezing wraith (Vaults:5)
  A hornet (D:13)
  A redback (Spider:3)
  An orc (D:14)
  3 foxfires (Depths:1)
  4 tentacles (Shoals:3)
27 creatures vanquished.

Grand Total: 2572 creatures vanquished

Notes
Turn   | Place    | Note
-------+----------+-------------------------------------------
     0 | D:1      | ragingrage the Felid Warper began the quest for the Orb.
     0 | D:1      | Reached XP level 1. HP: 11/11 MP: 4/4
    84 | D:1      | Reached skill level 1 in Stealth
   231 | D:1      | Reached XP level 2. HP: 15/15 MP: 6/6
   297 | D:1      | Learned a level 2 spell: Blink
   938 | D:2      | Reached XP level 3. HP: 14/18 MP: 7/7
   960 | D:2      | Learned a level 3 spell: Teleport Other
  1031 | D:2      | Identified the +4 helmet of the Apprentice {+Inv Will+}
  1031 | D:2      | Noticed Robin
  1228 | D:2      | Got Jomar's Commentary on Frostbitten Virulence
  1341 | D:1      | Reached skill level 5 in Translocations
  1625 | D:2      | Found a faded altar of an unknown god.
  1738 | D:3      | Found a runed translucent gate.
  1738 | D:3      | Found a runed translucent gate.
  1738 | D:3      | Found a runed translucent gate.
  1845 | D:3      | Reached XP level 4. HP: 23/23 MP: 8/8
  1845 | D:3      | Gained a life (2 lives remaining)
  1972 | D:3      | Noticed a phantom
  2187 | D:3      | Found a glowing drain.
  2215 | Sewer    | Entered a sewer
  2215 | Sewer    | Noticed a brain worm
  2225 | Sewer    | Killed a brain worm
  2226 | Sewer    | Reached XP level 5. HP: 16/26 MP: 6/9
  2333 | Sewer    | HP: 1/23 [kobold brigand/+2 dagger of draining (1)]
  2334 | Sewer    | Succumbed to a kobold brigand's curare-tipped dart
  2334 | Sewer    | Lost a life (1 life remaining)
  2478 | D:3      | Noticed an ogre
  2479 | D:3      | Noticed Natasha
  2540 | D:4      | Found a radiant altar of Vehumet.
  2609 | D:4      | Learned a level 2 spell: Ensorcelled Hibernation
  2752 | D:4      | Reached skill level 1 in Hexes
  2879 | D:4      | Found a sand-covered staircase.
  2905 | D:4      | Reached skill level 1 in Ice Magic
  2914 | Ossuary  | Entered an ossuary
  3003 | Ossuary  | Gained mutation: You are covered in thick fur. (AC +2)
                  | [Felid growth]
  3003 | Ossuary  | Reached XP level 6. HP: 23/30 MP: 10/10
  3049 | Ossuary  | Reached skill level 5 in Unarmed Combat
  3498 | Ossuary  | Reached XP level 7. HP: 24/35 MP: 11/11
  3498 | Ossuary  | Gained a life (2 lives remaining)
  3753 | D:5      | Entered Level 5 of the Dungeon
  3768 | D:5      | Noticed Menkaure
  4288 | D:5      | Reached skill level 5 in Dodging
  4288 | D:5      | Reached skill level 5 in Stealth
  4288 | D:5      | Reached skill level 5 in Hexes
  4595 | D:5      | Reached XP level 8. HP: 39/39 MP: 12/12
  4600 | D:5      | Learned a level 4 spell: Maxwell's Portable Piledriver
  4603 | D:5      | Noticed Eustachio
  4614 | D:5      | Found a staircase to the Ecumenical Temple.
  4622 | D:5      | Killed Eustachio
  4631 | Temple   | Entered the Ecumenical Temple
  4643 | Temple   | Became a worshipper of Gozag Ym Sagoz the Greedy
  4869 | D:6      | Noticed Duvessa
  5677 | D:6      | Noticed Dowan
  5691 | D:6      | Killed Duvessa
  5697 | D:6      | Killed Dowan
  5845 | D:6      | Reached XP level 9. HP: 27/42 MP: 6/13
  6515 | D:7      | Found a broken altar of Ashenzari.
  7012 | D:7      | Found the amulet of Elemental Vulnerability {rPois rF--
                  | rC-- AC+8}
  7219 | D:7      | Reached skill level 10 in Unarmed Combat
  7318 | D:7      | Found a shimmering blue altar of Sif Muna.
  7318 | D:7      | Found a white marble altar of Elyvilon.
  7377 | D:7      | Found a hazy altar of Hepliaklqana.
  7379 | D:7      | Found a shimmering altar of Xom.
  8371 | D:8      | Noticed a two-headed ogre
  8402 | D:8      | Slain by a two-headed ogre
  8402 | D:8      | Lost a life (1 life remaining)
  8533 | D:7      | Slain by a yak
  8533 | D:7      | Lost a life (0 lives remaining)
  9055 | D:7      | Found a hazy altar of Hepliaklqana.
  9056 | D:7      | Found a shimmering blue altar of Sif Muna.
  9058 | D:7      | Found a white marble altar of Elyvilon.
  9059 | D:7      | Found a shimmering altar of Xom.
  9114 | D:7      | Found a broken altar of Ashenzari.
  9577 | D:7      | Reached XP level 10. HP: 49/49 MP: 9/15
  9577 | D:7      | Gained a life (1 life remaining)
 10119 | D:9      | Found a staircase to the Orcish Mines.
 10542 | D:9      | Noticed Maggie
 10544 | D:9      | Noticed a two-headed ogre
 10562 | D:9      | Killed Maggie
 10570 | D:9      | Killed a two-headed ogre
 11009 | D:9      | Reached skill level 1 in Evocations
 11545 | D:9      | Noticed Jeremiah
 11588 | D:9      | Killed from afar by Jeremiah
 11588 | D:9      | Lost a life (0 lives remaining)
 11838 | D:8      | Reached skill level 5 in Evocations
 12308 | D:9      | Learned a level 4 spell: Vhi's Electric Charge
 12370 | D:10     | Entered Level 10 of the Dungeon
 12650 | D:10     | Reached skill level 1 in Air Magic
 13207 | D:10     | Noticed a red ugly thing
 13265 | D:10     | Reached XP level 11. HP: 54/54 MP: 16/16
 13267 | D:10     | Identified the +1 plate armour of Levity {rCorr Stlth+}
 13646 | D:10     | Noticed a two-headed ogre
 13655 | D:10     | Killed a two-headed ogre
 13656 | D:10     | Reached skill level 1 in Shapeshifting
 13684 | D:9      | Killed Jeremiah
 14171 | D:9      | Found a staircase to the Lair.
 14212 | D:9      | Reached skill level 5 in Fighting
 14389 | Lair:1   | Entered Level 1 of the Lair of Beasts
 14544 | Lair:1   | Noticed Erica
 14569 | Lair:1   | Killed Erica
 14570 | Lair:1   | Reached skill level 2 in Shapeshifting
 15088 | D:2      | Found a faded altar of an unknown god.
 15213 | D:2      | Killed Robin
 15765 | D:3      | Noticed Pokonic1's ghost (amateur DsMo)
 15848 | D:3      | Killed Natasha
 15920 | D:3      | Noticed Natasha
 15927 | D:3      | Killed Natasha
 16021 | D:3      | Noticed Natasha
 16030 | D:3      | Killed Natasha
 16113 | D:5      | Killed Menkaure
 16707 | Lair:1   | Identified a scroll of acquirement
 17148 | Lair:1   | Reached skill level 3 in Shapeshifting
 17169 | Lair:1   | Reached skill level 10 in Dodging
 17403 | Lair:2   | Noticed a catoblepas
 17473 | Lair:2   | Found a hole to the Spider Nest.
 17499 | Lair:2   | Noticed a five-headed hydra
 17504 | Lair:2   | Killed a five-headed hydra
 17505 | Lair:2   | Gained mutation: Your thick and shaggy fur keeps you warm.
                  | (AC +3, rC+) [Felid growth]
 17505 | Lair:2   | Reached XP level 12. HP: 53/61 MP: 17/17
 17541 | Lair:2   | Noticed an eight-headed hydra
 17587 | Lair:2   | Killed an eight-headed hydra
 17588 | Lair:2   | Reached skill level 4 in Shapeshifting
 17743 | Lair:2   | Found a staircase to the Shoals.
 18234 | Lair:2   | Reached skill level 5 in Shapeshifting
 18720 | Lair:2   | Noticed a six-headed hydra
 18867 | Lair:2   | Reached skill level 6 in Shapeshifting
 19323 | Lair:3   | Noticed a death yak
 19324 | Lair:3   | Noticed a death yak
 19324 | Lair:3   | Noticed a death yak
 19341 | Lair:3   | Noticed a death yak
 19342 | Lair:3   | Killed a death yak
 19343 | Lair:3   | Reached skill level 7 in Shapeshifting
 19401 | Lair:2   | Killed a death yak
 19425 | Lair:1   | Identified the +1 ring mail of Irecri {rC+ Int+3 Dex+3}
 19789 | Lair:2   | Reached skill level 8 in Shapeshifting
 20029 | Lair:2   | Identified the +9 rapier "Nistru Sozuj" {pain, *Rage rC+
                  | rN+}
 20036 | Lair:2   | Noticed a death yak
 20217 | Lair:3   | Reached XP level 13. HP: 65/65 MP: 18/18
 20217 | Lair:3   | Gained a life (1 life remaining)
 20335 | Lair:3   | Reached skill level 9 in Shapeshifting
 21302 | Lair:4   | Reached skill level 10 in Shapeshifting
 21377 | Lair:5   | Entered Level 5 of the Lair of Beasts
 22542 | Lair:5   | Found a runed translucent door.
 22543 | Lair:5   | Found a staircase to the Slime Pits.
 22543 | Lair:5   | Noticed an acid blob
 22543 | Lair:5   | Noticed an acid blob
 23259 | Lair:5   | Slain by a death yak
 23259 | Lair:5   | Lost a life (0 lives remaining)
 25508 | D:10     | Reached XP level 14. HP: 71/73 MP: 19/19
 26750 | D:12     | Noticed Kirke
 27019 | D:12     | Found Ymeiw's Antique Weapon Shoppe.
 27981 | Orc:1    | Entered Level 1 of the Orcish Mines
 28222 | Orc:2    | Entered Level 2 of the Orcish Mines
 28222 | Orc:2    | Found a roughly hewn altar of Beogh.
 28726 | Orc:1    | Found Saanloq's Jewellery Emporium.
 28875 | Orc:1    | You fall into a shaft and drop 1 floor!
 29162 | Orc:1    | Reached skill level 10 in Fighting
 29629 | Orc:2    | Found a staircase to the Elven Halls.
 29873 | Orc:2    | Reached skill level 15 in Dodging
 29914 | Orc:2    | Found Dusmiff's Armour Boutique.
 29914 | Orc:2    | Found Peecown's General Store.
 29920 | Orc:2    | Found Edghi's Armour Emporium.
 29920 | Orc:2    | Found Zakog's Distillery.
 30477 | Orc:2    | Bought a potion of berserk rage for 80 gold pieces
 30477 | Orc:2    | Bought a potion of enlightenment for 80 gold pieces
 30478 | Orc:2    | Bought a potion of cancellation for 112 gold pieces
 30478 | Orc:2    | Bought a potion of haste for 140 gold pieces
 30597 | Orc:2    | Found Qorualoss's Weapon Boutique.
 31072 | D:13     | Reached XP level 15. HP: 80/80 MP: 19/20
 31506 | D:13     | Got the Encyclopedia of Toxicology
 31536 | D:13     | You fall into a shaft and drop 2 floors!
 31536 | D:15     | Entered Level 15 of the Dungeon
 31715 | D:13     | Found a gate to the Vaults.
 31761 | D:13     | Reached skill level 10 in Stealth
 31761 | D:13     | Reached skill level 15 in Unarmed Combat
 32696 | D:13     | Reached skill level 11 in Shapeshifting
 33814 | D:13     | Upgraded the game from 0.32-a0-872-g59262bdc9b to
                  | 0.32-a0-876-gcfddb08e57
 34072 | D:13     | Identified the +7 glaive "Jelog" {venom, Int+2}
 34592 | D:14     | Found Fifopp's General Store.
 34676 | D:14     | Bought 3 scrolls of teleportation for 99 gold pieces
 35244 | D:15     | Reached skill level 12 in Shapeshifting
 35861 | D:15     | Found a portal to a secret trove of treasure.
 36618 | D:15     | Found a staircase to the Depths.
 37257 | Lair:2   | Identified the +8 great sword of Amorous Responsibility
                  | {vamp, +Blink rN+}
 37312 | Lair:2   | Found the +12 glaive of Prune {freeze, Prune}
 37572 | Lair:4   | Reached skill level 13 in Shapeshifting
 38305 | Lair:5   | Reached XP level 16. HP: 66/85 MP: 15/21
 38305 | Lair:5   | Gained a life (1 life remaining)
 38588 | Lair:5   | Found a runed translucent door.
 38589 | Lair:5   | Found a staircase to the Slime Pits.
 38789 | Spider:1 | Entered Level 1 of the Spider Nest
 39819 | Spider:1 | Reached skill level 14 in Shapeshifting
 41885 | Spider:2 | Reached skill level 15 in Shapeshifting
 43330 | Spider:3 | Learned a level 3 spell: Fugue of the Fallen
 43413 | Spider:3 | Reached skill level 1 in Necromancy
 43637 | Spider:3 | Reached skill level 16 in Shapeshifting
 43670 | Spider:3 | Reached XP level 17. HP: 89/89 MP: 22/22
 44200 | Spider:4 | Entered Level 4 of the Spider Nest
 44273 | Spider:3 | Acquired the ring "Tyxtied" {rF+ rC+ Will+ Str+2}
 44925 | Spider:4 | Reached skill level 10 in Translocations
 44963 | Spider:4 | Acquired a manual of Evocations
 45724 | Spider:3 | Reached skill level 5 in Necromancy
 47749 | Spider:4 | Got a gossamer rune of Zot
 47938 | Shoals:1 | Entered Level 1 of the Shoals
 49230 | Shoals:2 | Found a large runed translucent door.
 49230 | Shoals:2 | Found a large runed translucent door.
 49562 | Shoals:2 | Reached skill level 10 in Evocations
 50491 | Shoals:2 | Noticed Weulukh's ghost (adept GrEE)
 50561 | Shoals:3 | Reached XP level 18. HP: 96/96 MP: 25/25
 50748 | Shoals:3 | Reached skill level 17 in Shapeshifting
 52157 | Shoals:4 | Entered Level 4 of the Shoals
 52157 | Shoals:4 | Noticed Bai Suzhen
 52272 | Shoals:3 | Killed Bai Suzhen
 54292 | Shoals:4 | Reached skill level 15 in Evocations
 54310 | Shoals:4 | Noticed Polyphemus
 54319 | Shoals:4 | Killed Polyphemus
 54598 | Shoals:4 | Got a barnacled rune of Zot
 55597 | D:3      | Killed Pokonic1's ghost
 55846 | D:12     | Killed Kirke
 56216 | D:13     | Reached skill level 18 in Shapeshifting
 56644 | D:14     | Reached skill level 5 in Air Magic
 56688 | D:14     | Reached XP level 19. HP: 102/102 MP: 21/26
 56688 | D:14     | Gained a life (2 lives remaining)
 56998 | Vaults:1 | Entered Level 1 of the Vaults
 57025 | Vaults:1 | Found Haul's Distillery.
 57054 | Vaults:1 | Bought a potion of curing for 57 gold pieces
 57054 | Vaults:1 | Bought a potion of haste for 190 gold pieces
 59064 | Vaults:2 | Reached skill level 19 in Shapeshifting
 59671 | Vaults:3 | Found Moromow's Antique Armour Emporium.
 60194 | Vaults:3 | Noticed Nikola
 60689 | Vaults:3 | Reached skill level 20 in Shapeshifting
 60973 | Vaults:3 | Killed from afar by an ironbound thunderhulk
 60973 | Vaults:3 | Lost a life (1 life remaining)
 60998 | Vaults:2 | Identified the +6 trident of Cowardice {flame, rCorr Str+2}
 61275 | Vaults:2 | Paralysed by a formless jellyfish for 1 turns
 61498 | Vaults:2 | Identified the +3 chain mail of Illobry {rPois Will- rCorr
                  | Stlth+}
 61502 | Vaults:2 | Found a runed translucent door.
 61504 | Vaults:2 | Noticed jasper's ghost (adept OnFi)
 61995 | Vaults:3 | Reached XP level 20. HP: 107/107 MP: 25/27
 62294 | Vaults:4 | Found a magical portal.
 62307 | WizLab   | Entered Cigotuvi's Fleshworks
 62600 | WizLab   | Reached skill level 21 in Shapeshifting
 62740 | WizLab   | Found the +4 Cigotuvi's embrace {Corpsefed rMiasma ^Drain
                  | rN+}
 63191 | WizLab   | Identified the storm talisman "Uwahyed" {rCorr Str+2 SInv
                  | Stlth-}
 63194 | WizLab   | Identified the flux talisman "Meylucri" {rPois rC- Will+
                  | Slay+5}
 63700 | Vaults:4 | Found Kaafeebe's Antique Armour Shop.
 64336 | Vaults:4 | Reached skill level 22 in Shapeshifting
 65668 | Vaults:3 | Found a staircase to the Crypt.
 65668 | Vaults:3 | Found a basalt altar of Yredelemnul.
 65668 | Vaults:3 | Found an ancient bone altar of Kikubaaqudgha.
 66115 | Vaults:3 | Killed Nikola
 66843 | Elf:1    | Entered Level 1 of the Elven Halls
 66870 | Elf:1    | Noticed Norris
 66883 | Elf:1    | Killed Norris
 67628 | Elf:1    | Identified the +1 leather armour of Lies {Rampage rPois rF+
                  | SInv}
 67659 | Elf:1    | Reached XP level 21. HP: 106/111 MP: 28/28
 68006 | Elf:2    | Found Kefiecyape's Armour Emporium.
 68011 | Elf:2    | Found Kijolu's Antique Weapon Shoppe.
 68124 | Elf:2    | Identified the +3 dagger "Resaxza" {drain, rElec Will-
                  | Dex+3 SInv}
 68145 | Elf:2    | Found a shimmering altar of Xom.
 68529 | Elf:2    | Found a runed translucent gate.
 68529 | Elf:2    | Found a runed translucent gate.
 68529 | Elf:2    | Found a runed translucent gate.
 68627 | Elf:2    | Found Teleimuu's Antique Armour Boutique.
 68774 | Elf:2    | Found Kehagg's Antique Weapon Boutique.
 68919 | Elf:3    | Entered Level 3 of the Elven Halls
 69111 | Elf:3    | Noticed Roxanne
 69775 | Elf:3    | Killed Roxanne
 70090 | Elf:3    | Identified the amulet "Minnos" {Regen+ Str+5 Dex+5 Slay+3}
 70509 | Elf:3    | Identified the +7 spear of Cheibriados's Anger {heavy, rF+
                  | MP+9}
 70604 | Elf:3    | Reached skill level 23 in Shapeshifting
 70647 | Elf:3    | Identified the ring "Ryustaips" {rCorr Dex+2}
 71044 | Elf:3    | Got the Codex of Hoarfrost
 71064 | Elf:3    | Identified the staff of the Exceptional God {rPois Int+3
                  | Ice Alchemy}
 71805 | Shoals:2 | Killed Weulukh's ghost
 72171 | Elf:2    | Noticed Donald
 72179 | Elf:2    | Killed Donald
 72684 | Vaults:2 | Killed jasper's ghost
 72685 | Vaults:2 | Reached XP level 22. HP: 91/118 MP: 29/29
 72685 | Vaults:2 | Gained a life (2 lives remaining)
 72837 | Depths:1 | Entered Level 1 of the Depths
 72846 | Depths:1 | Found Egair's Book Shoppe.
 72847 | Depths:1 | Found Uto Sor's Jewellery Shop.
 72847 | Depths:1 | Found Zibriunu's Jewellery Shop.
 72856 | Depths:1 | Bought a book of Wicked Creation for 612 gold pieces
 72863 | Depths:1 | Learned a level 6 spell: Death Channel
 72961 | Depths:1 | Noticed the Enchantress
 72977 | Depths:1 | Killed the Enchantress
 73479 | Depths:1 | Noticed a caustic shrike
 73489 | Depths:1 | Killed a caustic shrike
 73517 | Depths:1 | Got Ecijyoc's Precepts of the Mesa
 73808 | Depths:1 | Got Sitiq's Encyclopedia of the Volcano
 74082 | Depths:1 | Found a gateway to Hell.
 74137 | Depths:1 | Found a runed translucent door.
 74141 | Depths:1 | Noticed Wyithres's ghost (adept MiFi)
 74259 | Depths:1 | Got the Papyrus of Production
 74645 | Depths:1 | Killed Wyithres's ghost
 74791 | Depths:2 | Noticed Saint Roka
 74802 | Depths:2 | Reached skill level 15 in Fighting
 74809 | Depths:2 | Killed Saint Roka
 75203 | Depths:2 | Identified the +9 flail of Uxijy {elec, rC+ Will+ rCorr}
 75302 | Depths:2 | Gained mutation: You are frail. (-10% HP) [a cacodemon]
 75306 | Depths:2 | Lost mutation: You are frail. (-10% HP) [potion of
                  | mutation]
 75306 | Depths:2 | Gained mutation: You have a pair of small horns on your
                  | head. [potion of mutation]
 75306 | Depths:2 | Gained mutation: Your health recovers twice as slowly from
                  | being drained. [potion of mutation]
 75306 | Depths:2 | Gained mutation: You are partially covered in iridescent
                  | scales. (AC +2) [potion of mutation]
 75334 | Depths:2 | Found a one-way gate leading to the halls of Pandemonium.
 75518 | Depths:2 | Reached XP level 23. HP: 117/126 MP: 30/30
 75637 | Depths:2 | Identified the ring "Pigoam" {Ice rPois}
 75637 | Depths:2 | Noticed Josephina
 75639 | Depths:2 | Reached skill level 10 in Necromancy
 75660 | Depths:2 | Killed Josephina
 75774 | Depths:2 | Identified the amulet "Leyvulol" {Faith ^Contam rElec rN+++
                  | Dex-2}
 75790 | Depths:2 | Noticed a dread lich
 75797 | Depths:2 | Killed a dread lich
 75798 | Depths:2 | Noticed a dread lich
 75812 | Depths:2 | Killed a dread lich
 75819 | Depths:2 | Found a faded altar of an unknown god.
 75830 | Depths:2 | Identified the +0 fire dragon scales of the Dolphin
                  | {^Contam rF++ rC- Str+3 Int+4}
 76480 | Depths:3 | Found a one-way gate to the infinite horrors of the Abyss.
 76696 | Depths:3 | Identified the +7 rapier of Juudos {flame, Int+5}
 76861 | Depths:3 | Got the Compendium of the Bitter Tropics
 77274 | Depths:4 | Entered Level 4 of the Depths
 77415 | Depths:4 | Found an opulent altar of Gozag.
 77521 | Depths:4 | Found a one-way gateway to a ziggurat.
 78249 | Vaults:4 | Learned a level 7 spell: Enfeeble
 78250 | Vaults:5 | Entered Level 5 of the Vaults
 78309 | Vaults:5 | Reached XP level 24. HP: 132/132 MP: 15/30
 78309 | Vaults:5 | Identified the +2 flail "Ocasch" {heavy, rN+ Str-4 Int+2
                  | Stlth+}
 78350 | Vaults:5 | Reached skill level 10 in Hexes
 78410 | Vaults:5 | Identified the ring of Sodarch {Wiz Fly rF+}
 79035 | Vaults:5 | Got a silver rune of Zot
 80238 | Depths:4 | Noticed a juggernaut
 80252 | Depths:4 | Killed a juggernaut
 80595 | Depths:4 | Found a gate to the Realm of Zot.
 80763 | Zot:1    | Entered Level 1 of the Realm of Zot
 81554 | Zot:1    | Noticed an orb of fire
 81568 | Zot:1    | Killed an orb of fire
 81885 | Zot:2    | Reached XP level 25. HP: 139/139 MP: 30/30
 82025 | Zot:2    | Reached skill level 15 in Stealth
 82284 | Zot:2    | Reached skill level 5 in Spellcasting
 82739 | Zot:3    | Noticed an orb of fire
 82742 | Zot:3    | Gained mutation: Your body sometimes deteriorates upon
                  | taking damage. [an orb of fire]
 82759 | Zot:3    | Killed an orb of fire
 83190 | Zot:3    | Noticed a Killer Klown
 83222 | Zot:3    | Killed a Killer Klown
 83453 | Zot:4    | Noticed Vyqe's ghost (master MfIE)
 83453 | Zot:4    | Found a runed translucent door.
 83466 | Zot:4    | Found a transporter.
 83594 | Zot:4    | Reached skill level 24 in Shapeshifting
 83655 | Zot:4    | Found a transporter.
 83674 | Zot:4    | Found a transporter.
 84284 | Zot:4    | Found a transporter.
 84413 | Zot:5    | Entered Level 5 of the Realm of Zot
 84713 | Zot:5    | Reached XP level 26. HP: 110/147 MP: 23/32
 84763 | Zot:5    | Noticed an orb of fire
 84764 | Zot:5    | Noticed an ancient lich
 84764 | Zot:5    | Noticed an orb of fire
 84770 | Zot:5    | Noticed an orb of fire
 84772 | Zot:5    | Noticed an orb of fire
 84791 | Zot:4    | Killed an orb of fire
 85006 | Zot:5    | Gained mutation: You occasionally lose the ability to drink
                  | potions when taking damage. [an orb of fire]
 85050 | Zot:5    | Gained mutation: You are vulnerable to heat. (rF-) [an orb
                  | of fire]
 85060 | Zot:5    | Killed an orb of fire
 85114 | Zot:5    | Reached skill level 25 in Shapeshifting
 85144 | Zot:5    | Noticed an ancient lich
 85151 | Zot:5    | Killed an ancient lich
 85287 | Hell     | Entered the Vestibule of Hell
 85287 | Hell     | Noticed Geryon
 85594 | Hell     | Killed Geryon
 85620 | Hell     | Found a gateway to the ashen valley of Gehenna.
 85700 | Hell     | Found a gateway to the Iron City of Dis.
 85750 | Hell     | Found a gateway to the freezing wastes of Cocytus.
 86038 | Hell     | Reached skill level 15 in Hexes
 86051 | Hell     | Found a gateway to the decaying netherworld of Tartarus.
 86541 | D:15     | You paid a toll of the horn of Geryon to enter a treasure
                  | trove
 86542 | Trove    | Entered a treasure trove
 86551 | Trove    | Identified the amulet of Virtue {rPois RegenMP+ rCorr}
 86888 | Slime:1  | Entered Level 1 of the Pits of Slime
 87034 | Slime:2  | Noticed Dissolution
 87041 | Slime:2  | Killed Dissolution
 87185 | Slime:2  | You are sucked into a shaft and drop 2 floors!
 87505 | Slime:2  | Reached skill level 26 in Shapeshifting
 88787 | Slime:3  | Gained mutation: You occasionally shout uncontrollably at
                  | your foes. [a shining eye]
 88820 | Slime:3  | Gained mutation: You occasionally lose the ability to read
                  | scrolls when taking damage. [a shining eye]
 88822 | Slime:3  | Gained mutation: You are agile. (Dex +4, Str/Int -1) [a
                  | shining eye]
 89024 | Slime:5  | Entered Level 5 of the Pits of Slime
 89167 | Slime:5  | Noticed the Royal Jelly
 89171 | Slime:5  | Killed the Royal Jelly
 89172 | Slime:5  | Reached XP level 27. HP: 148/151 MP: 29/32
 89237 | Slime:5  | Identified the amulet of the Enemy {Regen+ MP+9}
 89254 | Slime:5  | Got a slimy rune of Zot
 89279 | Slime:5  | Identified the +2 scimitar of the Red Skies {freeze, rPois
                  | rF+ Will+}
 89294 | Slime:5  | Identified the staff of Bloody Death {rF+ Conj Fire}
 90613 | Zot:5    | Killed an ancient lich
 90619 | Zot:5    | Lost mutation: You are partially covered in iridescent
                  | scales. (AC +2) [potion of mutation]
 90619 | Zot:5    | Lost mutation: You are agile. (Dex +4, Str/Int -1) [potion
                  | of mutation]
 90619 | Zot:5    | Lost mutation: Your health recovers twice as slowly from
                  | being drained. [potion of mutation]
 90619 | Zot:5    | Gained mutation: You sometimes lose the ability to read
                  | scrolls when taking damage. [potion of mutation]
 90619 | Zot:5    | Gained mutation: Your flesh is cold resistant. (rC+)
                  | [potion of mutation]
 90620 | Zot:5    | Lost mutation: You are vulnerable to heat. (rF-) [potion of
                  | mutation]
 90620 | Zot:5    | Lost mutation: Your body sometimes deteriorates upon taking
                  | damage. [potion of mutation]
 90620 | Zot:5    | Gained mutation: You have very sharp fingernails. [potion
                  | of mutation]
 90621 | Zot:5    | Lost mutation: You occasionally shout uncontrollably at
                  | your foes. [potion of mutation]
 90621 | Zot:5    | Lost mutation: Your flesh is cold resistant. (rC+) [potion
                  | of mutation]
 90621 | Zot:5    | Lost mutation: You have a pair of small horns on your head.
                  | [potion of mutation]
 90621 | Zot:5    | Gained mutation: Your spells are a little harder to cast,
                  | but a little more powerful. [potion of mutation]
 90622 | Zot:5    | Lost mutation: You sometimes lose the ability to read
                  | scrolls when taking damage. [potion of mutation]
 90622 | Zot:5    | Lost mutation: You occasionally lose the ability to drink
                  | potions when taking damage. [potion of mutation]
 90622 | Zot:5    | Gained mutation: You have a pair of small horns on your
                  | head. [potion of mutation]
 90622 | Zot:5    | Gained mutation: You passively dampen the noise of your
                  | surroundings. [potion of mutation]
 90622 | Zot:5    | Lost mutation: Your spells are a little harder to cast, but
                  | a little more powerful. [potion of mutation]
 90732 | Zot:5    | Killed an orb of fire
 90733 | Zot:5    | Reached skill level 27 in Shapeshifting
 90953 | Zot:5    | Noticed an ancient lich
 90980 | Zot:5    | Noticed a dread lich
 91033 | Zot:5    | Got the Orb of Zot
 91050 | Zot:5    | Noticed an orb of fire
 91057 | Zot:5    | Noticed an orb of fire
 91066 | Zot:5    | Killed an orb of fire
 91102 | Zot:5    | Noticed an orb of fire
 91159 | Zot:4    | Noticed Ileud the pandemonium lord
 91477 | D:15     | Noticed Zaurgh Yb Soc the pandemonium lord
 91772 | D:$      | Escaped with the Orb!

Illustrated notes

Levels and vault maps discovered:
D:1:      doesnt_arrival_eight_statues, layout_basic,
          chequers_serial_rivers_micro_a, minmay_misc_feat_secret_circle,
          hangedman_decor_growths
D:2:      layout_rooms, shapermc_ecumenical_altar_totnotflames, uniq_robin
D:3:      layout_basic, gammafunk_ghost_necromancy, gup_sewer_entry_bubbles,
          serial_bayou_pond_a, chequers_serial_rivers_large_a, uniq_natasha
D:4:      layout_rooms, nicolae_vehumet_radiance, nicolae_ossuary_entry_ruins,
          hangedman_decor_riveting, reono_crystal_passage,
          ebering_dispersal_statue_hall
D:5:      layout_gridville, temple_fountains, uniq_menkaure, uniq_eustachio
D:6:      layout_basic, uniq_duvessa
D:7:      layout_rooms, mainiacjoe_overflow_alcove_3,
          mainiacjoe_overflow_24_doors
D:8:      layout_basic, chequers_serial_rivers_large_b, minmay_small_thing
D:9:      layout_cave_pods, erik_lair_dragon, orc_0_dummy, uniq_jeremiah,
          uniq_maggie
D:10:     minmay_wavy_crystal, layout_gridville, serial_park_tiny_pond
D:11:     layout_small_grid, dreamdust_mushroom_princess
D:12:     layout_irregular_city, serial_shops, kennysheep_mini_moat, uniq_kirke
D:13:     minmay_the_grid_square_5x5_5x5 [minmay_the_grid_square_5x5_empty,
          minmay_the_grid_square_5x5_forky,
          minmay_the_grid_square_5x5_bracketed,
          minmay_the_grid_square_5x5_detours, minmay_the_grid_square_5x5_bite,
          minmay_the_grid_square_5x5_beaten_path,
          minmay_the_grid_square_5x5_prize_rear_guard,
          minmay_the_grid_square_5x5_doubleslash,
          minmay_the_grid_square_5x5_prize_gold,
          minmay_the_grid_square_5x5_three_walls,
          minmay_the_grid_square_5x5_two_walls_b, minmay_the_grid_square_5x5_n,
          minmay_the_grid_square_5x5_prize_open,
          minmay_the_grid_square_5x5_trominoes, minmay_the_grid_square_5x5_comb,
          minmay_the_grid_square_5x5_six,
          minmay_the_grid_square_5x5_prize_snowflake,
          minmay_the_grid_square_5x5_v,
          minmay_the_grid_square_5x5_prize_deathbox,
          minmay_the_grid_square_5x5_plus, minmay_the_grid_square_5x5_inner_i,
          minmay_the_grid_square_5x5_spiral,
          minmay_the_grid_square_5x5_one_wall,
          minmay_the_grid_square_5x5_intrusive_squares,
          minmay_the_grid_square_5x5_broken_cross], layout_rooms,
          hellmonk_vaults_order_and_chaos
D:14:     hangedman_cross_veins, layout_cross, serial_shops, shop,
          minmay_splitting_lines
D:15:     hangedman_depths_entry_try_elsewhere_first, layout_long_grid,
          enter_trove_6, serial_library_hellmonk_open_square,
          nicolae_fountain_basement
Temple:   kb_temple_of_zot
Lair:1:   layout_regular_city, dreamdust_gnoll_shepherd, grunt_megastairs_5,
          uniq_erica
Lair:2:   nzn_winding_woodlands_large [nzn_winding_woodlands_5x5_perimeter,
          nzn_winding_woodlands_5x15_river_crossing,
          nzn_winding_woodlands_5x5_closed_star,
          nzn_winding_woodlands_center_pierced_h,
          nzn_winding_woodlands_15x15_eel_pit,
          nzn_winding_woodlands_center_diamonds,
          nzn_winding_woodlands_5x5_default, nzn_winding_woodlands_5x15_pockets,
          nzn_winding_woodlands_5x5_checkerboard], layout_regular_city,
          shoals_dummy_entry, spider_nest_entry_web_field, st_stairs_5,
          nicolae_quartered_pool_little, guppyfry_lair_drakes
Lair:3:   hellmonk_destroyed_diamonds, layout_small_grid, serial_bayou_shore_b,
          infiniplex_staircase_pool, lemuel_fruit_fields, serial_bayou_shore_b,
          lemuel_fruit_fields
Lair:4:   layout_gridlike
Lair:5:   grunt_lair_end_beastmaster, layout_loops_ring, slime_entry_2,
          minmay_lair_drake_nest, serial_bayou_shore_b
Shoals:1: layout_shoals
Shoals:2: layout_shoals, ebering_ghost_disaster_area
Shoals:3: layout_shoals, st_cyclops
Shoals:4: shoals_end_hellmonk_lost_city, uniq_polyphemus, uniq_bai_suzhen
Spider:1: layout_cave_pods, guppyfry_spider_mini_3
Spider:2: layout_spider_delve, nicolae_spider_bzzzt,
          hangedman_spider_tarantella_strand
Spider:3: layout_spider_delve
Spider:4: guppyfry_spider_rune
Slime:1:  layout_caves
Slime:2:  layout_caves, dissolution_awaits
Slime:3:  layout_caves
Slime:4:  layout_caves
Slime:5:  slime_pit
Orc:1:    layout_diamond_mine, serial_shops, nicolae_shop_advertising_works
          [nicolae_subvault_shop_adworks]
Orc:2:    st_orc_ogre_mass, layout_caves, serial_shops, shop, basic_altar
Elf:1:    elf_arrival_002, layout_geoelf_diagonals, evilmike_minifort,
          lemuel_flamethrower_hall, uniq_norris
Elf:2:    nicolae_elf_blades_splatter_lattice [nicolae_blade_little_rooms],
          layout_loops_cross, serial_shops, nicolae_shop_tiny_real_fake_doors,
          nicolae_shop_tiny_real_fake_doors, shop, shop, basic_altar,
          dk_noncrumbling_4, uniq_donald
Elf:3:    minmay_elf_hall_statues, layout_geoelf_diagonals, uniq_roxanne
Vaults:1: nicolae_vaults_lightning_bolt, vaults_room_fours,
          nicolae_vaults_apartment_1, nicolae_vaults_network_quinsquares
          [nicolae_vaults_network_quincunx_subvault,
          nicolae_vaults_network_quincunx_subvault,
          nicolae_vaults_network_quincunx_subvault,
          nicolae_vaults_network_quincunx_subvault], nicolae_vaults_diamond_1,
          nicolae_vaults_rhombus_7, nicolae_vaults_trapezoid_lopsided_1,
          v_misc_15, nicolae_vaults_diamond_2, layout_vaults_ring, serial_shops,
          nicolae_shop_waterfront
Vaults:2: hellmonk_ghost_big_iron, hangedman_vaults_slice, v_misc_28,
          nicolae_vaults_hallways_thing, v_alt_pattern_3, v_misc_28,
          nicolae_vaults_sightless_eye, nicolae_vaults_enemy_cabinets,
          hangedman_vaults_slice, vaults_room_stairs_pillars,
          layout_vaults_omnicross
Vaults:3: nicolae_vaults_off_center_swirl, nicolae_vaults_stairing_the_circle,
          nicolae_vaults_tangram_2, minmay_crypt_entry_necro_gods,
          nicolae_vaults_layer_cake_slice, vaults_room_door_hall,
          vaults_room_pool, nicolae_vaults_six-pack, nicolae_vaults_alarming,
          nicolae_vaults_house_1, layout_vaults_big_room, serial_shops, shop,
          uniq_nikola
Vaults:4: infiniplex_enter_wizlab_spiral, nicolae_vaults_apartment_1,
          ontoclasm_vaults_hangar, nicolae_vaults_octothorpe,
          hangedman_vaults_restitches, v_misc_26, grunt_vaults_bifocal,
          nicolae_vaults_network_s, vaults_room_pools,
          nicolae_vaults_variable_pillar_hall, v_misc_1,
          nicolae_vaults_trapezoid_4, vaults_room_door_hall,
          layout_vaults_omnigrid, serial_shops, nicolae_shop_crystal
Vaults:5
Depths:1: layout_roguey, serial_magic_research, hangedman_research_thanatology,
          hangedman_research_convocations, hangedman_research_pyrotechnics,
          hangedman_research_geology, ebering_ghost_reflecting_pool,
          grunt_mini_vestibule, minmay_fractal_squares_gapless_7,
          minmay_shop_grove, uniq_enchantress
Depths:2: regret_index_infernal_bastille, layout_basic, pf_dread_powers_of_hell,
          rand_demon_pan_entry_4, uniq_saint_roka, uniq_josephina
Depths:3: hangedman_crystal_crosses_colossus [crystal_crosses_arms_four,
          crystal_crosses_arms_two, crystal_crosses_arms_one], pan_entry,
          hell_entry, abyss_entry
Depths:4: evilmike_zot_entry_basic, layout_basic, enter_ziggurat_b,
          grunt_gozag_statues, hell_entry, abyss_entry, grunt_pan_entry_spiral,
          roderic_lattice_octagonal_star, grunt_megastairs_2
Hell
Zot:1:    layout_gridlike
Zot:2:    layout_twisted_circle
Zot:3:    layout_onion_interference, regret_index_zotdec_wing_it,
          st_single_dragon_hoard_2
Zot:4:    layout_misc_corridors, regret_index_zotdec_ex,
          hellmonk_ghost_happy_afterlife, st_single_dragon_hoard_1,
          nicolae_transporter_intersection
Zot:5:    layout_gridlike

Skill      XL: |  1  2  3  4  5  6  7  8  9 10 11 12 13 14 15 16 17 18 19 20 21 22 23 24 25 26 27 |
---------------+----------------------------------------------------------------------------------+-----
Stealth        | 2 3 5 8 9 11 14 15 | 15.0
Translocations | 5 6 9 10 11 | 11.0
Unarmed Combat | 3 4 6 8 10 11 12 13 14 15 16 17 18 | 18.0
Hexes          | 1 2 6 7 8 9 12 17 | 17.0
Ice Magic      | 1 2 3 4 |  4.0
Dodging        | 5 6 8 10 12 15 18 20 22 23 | 23.0
Fighting       | 3 4 6 8 10 11 12 13 15 16 18 19 | 19.1
Spellcasting   | 3 4 5 |  5.6
Evocations     | 5 10 15 | 15.3
Air Magic      | 1 3 4 5 |  5.6
Shapeshifting  | 3 8 10 13 16 18 20 22 23 24 26 27 | 27.0
Necromancy     | 2 5 9 14 | 14.0

Action                     |  1- 3 |  4- 6 |  7- 9 | 10-12 | 13-15 | 16-18 | 19-21 | 22-24 | 25-27 || total
---------------------------+-------+-------+-------+-------+-------+-------+-------+-------+-------++-------
  Melee: Unarmed           |   149 |   250 |   233 |   369 |  1024 |  1223 |  1282 |  1214 |   980 ||  6724
         Bite              |    10 |    35 |    27 |    34 |   157 |   171 |   153 |       |       ||   587
         Punch             |     4 |     6 |    10 |    25 |   121 |   140 |   177 |   167 |   160 ||   810
         Maw               |       |       |       |       |   423 |       |       |       |       ||   423
         Tailslap          |       |       |       |       |       |   260 |   181 |       |       ||   441
   Cast: Blink             |     2 |     1 |       |       |     2 |       |       |       |     5 ||    10
         Teleport Other    |       |     3 |       |       |       |       |       |       |       ||     3
         Ensorcelled Hiber |       |     5 |    58 |   180 |   231 |       |       |       |       ||   474
         Maxwell's Portabl |       |       |    20 |     8 |     5 |     1 |     1 |       |       ||    35
         Vhi's Electric Ch |       |       |       |       |     2 |    70 |    80 |    36 |    10 ||   198
         Fugue of the Fall |       |       |       |       |       |    10 |    21 |    23 |    22 ||    76
         Death Channel     |       |       |       |       |       |       |       |     7 |    19 ||    26
 Invoke: Potion Petition   |       |       |       |       |     1 |     1 |     1 |     4 |     2 ||     9
         Call Merchant     |       |       |       |       |     1 |       |       |       |       ||     1
         Bribe Branch      |       |       |       |       |       |       |       |       |     5 ||     5
Ability: Breathe Fire      |       |       |       |       |       |    42 |     6 |       |       ||    48
         Blinkbolt         |       |       |       |       |       |       |       |       |     1 ||     1
  Evoke: Wand              |       |     3 |       |    19 |    13 |     5 |     1 |     2 |     2 ||    45
         Tin of tremorston |       |       |       |       |       |     5 |     4 |     2 |       ||    11
         Sack of spiders   |       |       |       |       |       |       |     2 |     1 |       ||     3
         Horn of Geryon    |       |       |       |       |       |       |       |       |     1 ||     1
    Use: Scroll            |     4 |     1 |     7 |     7 |     5 |     8 |     5 |     4 |     2 ||    43
         Potion            |       |     6 |     1 |     3 |       |     1 |       |     5 |     8 ||    24
   Stab: Sleeping          |     8 |    12 |    37 |    97 |   124 |    17 |    22 |    12 |     4 ||   333
         Distracted        |       |     1 |     2 |     1 |     9 |    23 |    21 |    25 |    41 ||   123
         Petrified         |       |       |       |     2 |       |       |       |       |       ||     2
         Invisible         |       |       |       |       |       |       |       |     5 |       ||     5
         Confused          |       |       |       |       |       |       |       |       |     1 ||     1
 Armour: Skin              |    54 |    69 |   139 |   220 |   266 |   729 |   457 |   172 |   177 ||  2283
  Dodge: Dodged            |   133 |   137 |   221 |   474 |  1313 |  1463 |   985 |  1321 |  1238 ||  7285
  Block: Other             |     7 |    36 |    63 |       |    17 |       |       |       |       ||   123
         Reflection        |       |       |     3 |       |     5 |       |       |       |       ||     8
   Form: Maw               |       |       |       |       |     2 |     2 |       |       |       ||     4
                           |       |       |       |       |     1 |       |       |       |       ||     1
         Dragon            |       |       |       |       |       |     3 |     1 |       |       ||     4
         Storm             |       |       |       |       |       |       |     2 |       |       ||     2

Table legend: (Time is in decaauts)
 A = Elapsed time spent in this place.
 B = Non-inter-level travel time spent in this place.
 C = Inter-level travel time spent in this place.
 D = Time resting spent in this place.
 E = Time spent auto-exploring this place.
 F = Levels seen in this place.
 G = Mean time per level.
                   A        B        C        D        E       F      G
               +--------+--------+--------+--------+--------+-----+--------+
         Total |  90342 |  80644 |   9698 |  16962 |  45180 |  58 | 1557.6 |
       Dungeon |  27170 |  22854 |   4316 |   4848 |  12479 |  15 | 1811.3 |
        Temple |     18 |     18 |      0 |      0 |      0 |   1 |   18.0 |
          Lair |  11307 |   9820 |   1487 |   2369 |   4701 |   5 | 2261.4 |
        Shoals |   7361 |   7014 |    347 |   2099 |   3770 |   4 | 1840.2 |
   Spider Nest |   9086 |   8505 |    581 |   2621 |   4108 |   4 | 2271.5 |
    Slime Pits |   2864 |   2675 |    189 |     43 |   2002 |   5 |  572.8 |
  Orcish Mines |   2943 |   2780 |    163 |    888 |   1164 |   2 | 1471.5 |
   Elven Halls |   4745 |   4377 |    368 |    504 |   2996 |   3 | 1581.7 |
        Vaults |  10604 |   9873 |    731 |   2274 |   6020 |   5 | 2120.8 |
        Depths |   6342 |   5334 |   1008 |    549 |   3527 |   4 | 1585.5 |
          Hell |    800 |    783 |     17 |     49 |    543 |   1 |  800.0 |
           Zot |   5268 |   4783 |    485 |    582 |   3048 |   5 | 1053.6 |
         Trove |     46 |     46 |      0 |      0 |     38 |   1 |   46.0 |
         Sewer |    133 |    133 |      0 |     39 |      0 |   1 |  133.0 |
       Ossuary |    697 |    697 |      0 |     91 |    214 |   1 |  697.0 |
        Wizlab |    951 |    951 |      0 |      4 |    569 |   1 |  951.0 |
               +--------+--------+--------+--------+--------+-----+--------+

Top non-repeatable levels by time:
     D:9: 4006 daAuts
    D:13: 3665 daAuts
  Lair:5: 3113 daAuts
  Lair:2: 3109 daAuts
Spider:1: 2847 daAuts
Vaults:3: 2755 daAuts
Vaults:4: 2524 daAuts
Spider:4: 2419 daAuts
     D:7: 2335 daAuts
Vaults:2: 2214 daAuts
Shoals:3: 2194 daAuts
Shoals:4: 2148 daAuts
  Lair:1: 2073 daAuts
Spider:3: 2059 daAuts
Depths:1: 2034 daAuts
